 Dungeon Crawl Stone Soup version 0.22.0-75-g3901e79 (webtiles) character file.

696 robertstho the Covered (level 7, -1/42 HPs)
             Began as a Gargoyle Fighter on Sept 14, 2018.
             Slain by a slave (3 damage)
             ... led by Pikel
             ... on level 5 of the Dungeon.
             The game lasted 00:07:03 (3717 turns).

robertstho the Covered (Gargoyle Fighter)           Turns: 3717, Time: 00:07:04

Health: -1/42      AC: 20    Str: 22      XL:     7   Next: 64%
Magic:  7/7        EV:  2    Int:  6 (8)  God:
Gold:   221        SH: 21    Dex:  9 (11) Spells: 6/6 levels left

rFire    . . .     SeeInvis +   a - +0 flail
rCold    . . .     Gourm    +   d - +2 large shield
rNeg     + . .     Faith    .   p - +0 plate armour
rPois    ∞         Spirit   .   (no helmet)
rElec    +         Reflect  .   (no cloak)
rCorr    .         Harm     .   (no gloves)
MR       .....                  w - +0 pair of boots
Stlth    ..........             b - amulet of the gourmand
HPRegen  0.14/turn              i - +2 ring of dexterity
MPRegen  0.10/turn              h - ring of see invisible

@: no status effects
A: large bone plates 1, slimy green scales 1, negative energy resistance 1,
electricity resistance, unbreathing, petrification resistance, rot immunity, AC
+4
a: no special abilities


You were on level 5 of the Dungeon.
You were very full.

You visited 1 branch of the dungeon, and saw 5 of its levels.

You collected 221 gold pieces.

Inventory:

Hand Weapons
 a - a +0 flail (weapon)
Armour
 d - a +2 large shield (worn)
 p - a +0 plate armour (worn)
 w - a +0 pair of boots (worn)
Jewellery
 b - an amulet of the gourmand (around neck)
 h - a ring of see invisible (right hand)
 i - a +2 ring of dexterity (left hand)
 q - an uncursed ring of protection from fire
 t - an uncursed ring of ice
Wands
 v - a wand of digging (7)
Scrolls
 g - a scroll of remove curse {unknown}
 j - a scroll of enchant armour {unknown}
 m - a scroll of blinking {unknown}
 n - a scroll of amnesia {unknown}
 o - a scroll of teleportation {unknown}
 r - a scroll of fear {unknown}
 s - a scroll of fog
 x - a scroll of immolation {unknown}
 y - a scroll of enchant weapon {unknown}
 z - a scroll of identify
Potions
 e - 3 potions of mutation
 k - a potion of magic
 l - a potion of brilliance
 u - a potion of degeneration
Comestibles
 f - 8 rations
 A - 4 chunks of flesh


   Skills:
 + Level 3.9 Fighting
 * Level 5.5 Maces & Flails
 * Level 5.7 Armour
 + Level 0.3 Dodging
 + Level 5.3 Shields


You had 6 spell levels left.
You didn't know any spells.
Your spell library was empty.

Dungeon Overview and Level Annotations

Branches:
Dungeon (5/15)
 Temple: D:4-7

Altars:
Xom

Annotations:
D:5 Eustachio, Pikel


Innate Abilities, Weirdness & Mutations

You are resistant to torment.
Your stone body is resilient. (AC +4)
You are immune to poison.
You resist negative energy. (rN+)
You are resistant to electric shocks. (rElec)
You can survive without breathing.
You are immune to petrification.
You are immune to rotting.
You are partially covered in large bone plates. (SH +4)
You are partially covered in slimy green scales. (AC +2)


Message History

The quasit disappears in a puff of smoke!
The crimson imp disappears in a puff of smoke!
You block the bat's attack. The bat barely misses you.
You block the centaur skeleton's attack.
You block Pikel's attack. The bat hits you but does no damage.
You block the slave's attack.
The slave hits you but does no damage. x2
You block Pikel's attack.
The centaur skeleton hits you but does no damage.
Eustachio casts a spell.
Eustachio blinks!
The slave hits you but does no damage.
You closely miss Pikel.
Pikel is almost dead.
You block the bat's attack. The bat hits you but does no damage.
The centaur skeleton completely misses you.
You block the slave's attack. The slave hits you.
* * * LOW HITPOINT WARNING * * *
You block Pikel's attack.
Eustachio casts a spell.
Eustachio blinks!
The slave hits you.
You die...

##.#.## ..# #..... ...#
## #....#########........
#.#...............#...
#.#.#######.#.........
###.#.######.## ..#.....
...[........## ##.....
..###..#####.###Z..# ..
..........r...pp@p###....
.......###.##.§Kpb5.....>
..###.## #.##)..rb####..#
..# #.# ##......§.......#
..#
#.###...#..#..####..#####
...
........................
..##
#.##...#..##.#.##...#####
..# #..##§.
#............. ..# #.#
#.# #####....####


You could see Pikel, 4 slaves, a crimson imp, a river rat, 2 bats, a rat and a
centaur skeleton.

Vanquished Creatures
  An ogre (D:5)
  5 killer bees (D:4)
  A howler monkey (D:4)
  A centaur zombie (D:5)
  A hound (D:5)
  An orc wizard (D:3)
  Ijyb (D:3)
  A centaur skeleton (D:5)
  Terence (D:3)
  A worker ant (D:4)
  4 gnolls
  2 adders
  6 worms
  2 leopard geckos
  6 orcs
  A ball python (D:2)
  3 giant cockroaches
  8 goblins
  7 hobgoblins
  6 jackals
  A quokka (D:2)
  7 bats
  4 frilled lizards
  6 kobolds
  A leopard gecko skeleton (D:4)
  A quokka zombie (D:5)
  11 rats
90 creatures vanquished.

Vanquished Creatures (others)
  A bullfrog (D:4)
  A scorpion (D:4)
  2 hounds (D:4)
  A worker ant (D:4)
  An orc (D:4)
  A jackal skeleton (D:4)
7 creatures vanquished.

Grand Total: 97 creatures vanquished

Notes
Turn   | Place    | Note
-------+----------+-------------------------------------------
     0 | D:1      | robertstho the Gargoyle Fighter began the quest for the
                  | Orb.
     0 | D:1      | Reached XP level 1. HP: 14/14 MP: 1/1
    93 | D:1      | Reached XP level 2. HP: 13/19 MP: 2/2
   401 | D:1      | Reached XP level 3. HP: 23/23 MP: 3/3
  1143 | D:2      | Reached XP level 4. HP: 27/28 MP: 4/4
  2142 | D:3      | Noticed Terence
  2159 | D:3      | Killed Terence
  2159 | D:3      | Reached XP level 5. HP: 30/32 MP: 5/5
  2374 | D:3      | Noticed Ijyb
  2391 | D:3      | Killed Ijyb
  2621 | D:4      | Reached XP level 6. HP: 38/38 MP: 6/6
  2739 | D:4      | Reached skill level 5 in Armour
  2746 | D:4      | Gained mutation: You are partially covered in large bone
                  | plates. (SH +4) [potion of mutation]
  2746 | D:4      | Gained mutation: You are partially covered in slimy green
                  | scales. (AC +2) [potion of mutation]
  2769 | D:4      | Reached skill level 5 in Maces & Flails
  2769 | D:4      | Reached XP level 7. HP: 17/42 MP: 7/7
  2955 | D:4      | Found a shimmering altar of Xom.
  3527 | D:5      | Entered Level 5 of the Dungeon
  3577 | D:5      | Reached skill level 5 in Shields
  3679 | D:5      | Noticed Eustachio
  3679 | D:5      | Noticed Pikel
  3717 | D:5      | HP: 2/42 [slave[Pikel] (5)]
  3717 | D:5      | Slain by a slave

Skill      XL: |  1  2  3  4  5  6  7 |
---------------+----------------------+-----
Maces & Flails | 3 4 5 |  5.5
Armour         | 4 5 |  5.7
Shields        | 4 5 |  5.3
Fighting       | |  3.9
Dodging        | |  0.3

Action                   |  1- 3 |  4- 6 |  7- 9 || total
-------------------------+-------+-------+-------++-------
Melee: Flail             |   134 |   236 |   134 ||   504
  Use: Potion            |       |     5 |     1 ||     6
       Scroll            |       |       |     3 ||     3
  Eat: Chunk             |     1 |     5 |    12 ||    18
Armor: Scale mail        |    66 |     5 |       ||    71
       Plate armour      |       |   216 |   156 ||   372
Dodge: Dodged            |    40 |    52 |    20 ||   112
Block: Shield            |    62 |   178 |       ||   240
       Large shield      |       |       |   221 ||   221
